 Dungeon Crawl Stone Soup version 0.15.0-12-gccce430 (webtiles) character file.

88 MackTheKnife the Changer (level 4, -3/32 HPs)
             Began as a Merfolk Transmuter on Aug 31, 2014.
             Slain by a gnoll
             ... wielding a +0 whip of electrocution
              (15 damage)
             ... on Level 2 of the Dungeon on Sept 1, 2014.
             The game lasted 00:03:52 (1950 turns).

MackTheKnife the Changer (Merfolk Transmuter)       Turns: 1950, Time: 00:03:53

HP  -3/32        AC  2     Str 15      XL: 4   Next: 54%
MP   9/9         EV 13     Int 12      God:
Gold 49          SH  0     Dex 15      Spells:  2 memorised,  6 levels left

rFire  . . .     SeeInvis +     h - +2 whip (freeze)
rCold  . . .     Clarity  .     c - +0 robe
rNeg   . . .     rCorr    .     (no shield)
rPois  .         rRot     .     (no helmet)
rElec  .         Spirit   .     (no cloak)
SustAb .         Warding  .     (no gloves)
rMut   .         Stasis   .     (no boots)
Gourm  .                        (no amulet)
MR     .....                    (no ring)
                                m - ring of see invisible

@: mighty, not resistant to hostile enchantments, very unstealthy
A: change form in water, swift swim
a: no special abilities


You were on level 2 of the Dungeon.
You were not hungry.

You visited 1 branch of the dungeon, and saw 2 of its levels.

You collected 49 gold pieces.


   Skills:
 - Level 1.1 Fighting
 - Level 2.6 Dodging
 - Level 3.9 Unarmed Combat
 + Level 3.3 Spellcasting
 + Level 4.0 Transmutations


You had 6 spell levels left.
You knew the following spells:

 Your Spells              Type           Power        Failure   Level  Hunger
y - Sticks to Snakes      Trmt           ##........   10%         2    ##.....
z - Beastly Appendage     Trmt           ##....       6%          1    #......

Inventory:

Hand weapons
 h - a +2 whip of freezing (weapon)
Missiles
 b - 21 arrows
 j - 16 arrows of flame
Armour
 c - a +0 robe (worn)
Comestibles
 a - 2 bread rations
 i - a beef jerky
Scrolls
 k - a scroll of identify
Jewellery
 m - a ring of see invisible (left hand)
Potions
 e - a potion of might
 f - a potion of heal wounds {unknown}
 g - a potion of magic {unknown}
Books
 d - a book of Changes

   Spells                             Type                      Level
   *Beastly Appendage                 Transmutation                1
   *Sticks to Snakes                  Transmutation                2
   Spider Form                        Transmutation/Poison         3
   Ice Form                           Ice/Transmutation            4
   Blade Hands                        Transmutation                5

······▒▒S···▒ ·· ·······g····▒ ▒·
······▒▒▒)▒·▒▒▒▒▒▒▒▒ ▒▒▒▒▒▒▒▒▒▒▒·
···· ▒············· ▒········▒▒·
··· ▒·▒▒··▒▒▒▒▒▒▒· ▒·▒▒▒▒▒▒·▒▒·
▒·▒▒▒▒▒·▒▒··▒▒▒▒ ▒·▒·▒▒▒▒·▒▒·
▒··············· ▒·▒·········
·▒▒▒▒▒▒·····▒▒▒▒▒▒▒▒▒▒·▒·▒▒▒▒·▒▒▒
▒····<····>····mg·g·····▒ ▒·▒ ▒
▒·▒▒)····▒▒▒▒▒▒▒▒▒▒▒·▒▒▒▒▒▒▒·▒ ▒
▒)▒▒·····▒ ▒···········▒ ▒
▒·▒▒·····▒▒ ▒·▒·▒▒▒▒▒▒▒▒▒ ▒
▒·▒▒▒▒····▒▒▒▒▒▒▒▒g···<··▒ ▒ ▒·▒
▒········g····)·····▒ ▒ ▒·▒
▒···········▒▒······▒ ▒ ▒·▒
▒··▒·▒▒▒▒▒▒·▒▒······▒ ▒ ▒·▒
▒··▒·▒▒▒▒▒▒·▒▒······▒


You could see 2 gnolls.


Message History

Something hits your adder.
Your adder bites something.
Your adder bites something.
Your adder poisons something!
Your Transmutations skill increases to level 4!
You feel a bit more experienced. The gnoll hits your adder with a spear!
Your adder dies!
You closely miss the gnoll. The gnoll closely misses you.
The gnoll hits you with a runed whip!
You are electrocuted!
Ouch! That really hurt!
* * * LOW HITPOINT WARNING * * *
The gnoll hits you from afar with a spear.
* * * LOW HITPOINT WARNING * * *
Unknown command.
Read which item? (? for menu, Esc to quit)
Okay, then.
Drink which item? (? for menu, Esc to quit)
Okay, then.
Your magical contamination has completely faded away.
You see here a bat corpse.
There is a stone staircase leading down here.
The gnoll barely misses you.
There is a stone staircase leading down here.
The gnoll misses you.
Drink which item? (? for menu, Esc to quit)
You feel very mighty all of a sudden. The gnoll hits you but does no damage.
You are electrocuted!
You die...

Action                   |  1- 3 |  4- 6 || total
-------------------------+-------+-------++-------
Melee: Whip              |    70 |    36 ||   106
       Unarmed           |     2 |       ||     2
 Cast: Sticks to Snakes  |     4 |     2 ||     6
  Use: Scroll            |     4 |       ||     4
       Potion            |       |     1 ||     1
 Stab: Sleeping          |       |     1 ||     1
  Eat: Bread ration      |     1 |       ||     1

Vault maps used:
D:1:      dpeg_arrival_snail, corner_web_ring
D:2:      uniq_crazy_yiuf_cottage, uniq_terence

Notes
Turn   | Place    | Note
--------------------------------------------------------------
     0 | D:1      | MackTheKnife, the Merfolk Transmuter, began the quest for the Orb.
     0 | D:1      | Reached XP level 1. HP: 15/15 MP: 3/3
   249 | D:1      | Reached XP level 2. HP: 15/21 MP: 4/4
   530 | D:1      | Learned a level 2 spell: Sticks to Snakes
   615 | D:1      | Reached skill level 3 in Transmutations
   831 | D:1      | Reached XP level 3. HP: 21/26 MP: 6/6
  1253 | D:2      | Reached skill level 3 in Spellcasting
  1253 | D:2      | Reached XP level 4. HP: 28/32 MP: 7/9
  1843 | D:2      | Reached skill level 4 in Transmutations
  1849 | D:2      | HP: 3/32 [gnoll/runed whip (17)]
  1950 | D:2      | Slain by a gnoll

Vanquished Creatures
  A gnoll (D:2)
  A worm (D:2)
  4 bats
  A giant cockroach (D:1)
  10 goblins
  6 hobgoblins
  A quokka (D:2)
  A giant gecko (D:1)
  2 giant newts (D:1)
  7 kobolds
  3 rats
37 creatures vanquished.

Vanquished Creatures (collateral kills)
  4 gnolls (D:2)
  A giant gecko (D:2)
5 creatures vanquished.

Grand Total: 42 creatures vanquished
